 Dungeon Crawl Stone Soup version 0.28-a0-1415-g7c84da036a (webtiles) character file.

Game seed: 15033645932253329539

2878 AverageBear the Covert (level 9, -6/61 HPs)
             Began as a Demonspawn Gladiator on Jan 7, 2022.
             Was an Initiate of Gozag.
             Succumbed to a kobold brigand's poison
             ... on level 7 of the Dungeon.
             The game lasted 00:11:49 (7607 turns).

AverageBear the Covert (Demonspawn Gladiator)       Turns: 7607, Time: 00:11:49

Health: -6/61      AC: 13    Str: 18    XL:     9   Next: 48%
Magic:  18/18      EV: 12    Int: 12    God:    Gozag
Gold:   540        SH:  4    Dex: 17    Spells: 6/8 levels left

rFire   . . .      SeeInvis +   w - +0 short sword (venom)
rCold   . . .      Faith    .   (no shield)
rNeg    . . .      Spirit   .   f - +0 troll leather armour {Pargi}
rPois   .          Reflect  .   (helmet unavailable)
rElec   .          Harm     .   (no cloak)
rCorr   .          Rampage  .   h - +2 pair of gloves
Will    .....      Clarity  +   (no boots)
Stlth   +++++.....              (no amulet)
HPRegen 1.00/turn               g - ring of magical power
MPRegen 0.16/turn               (no ring)

@: lethally poisoned (-6 -> -19), sanguine armoured, slowed, very slow
A: antennae 3, spiny 1, sanguine armour 1, condensation shield, clarity, strong
2
a: Renounce Religion, Potion Petition, Call Merchant, Bribe Branch


You were on level 7 of the Dungeon.
You worshipped Gozag.
Gozag was pleased with you.
You visited 2 branches of the dungeon, and saw 9 of its levels.
You also visited: Sewer.

You collected 902 gold pieces.
You spent 271 gold pieces at shops.
You paid 91 gold pieces to Gozag.

Inventory:

Hand Weapons
 a - a +0 rapier of draining
 o - a +2 dagger of draining
 r - a +1 dagger of freezing
 w - a +0 short sword of venom (weapon)
 x - a +1 short sword of electrocution
 G - a +2 vampiric short sword
Missiles
 d - 3 throwing nets (quivered)
Armour
 b - a +0 leather armour
 c - a +0 helmet
 f - a +0 troll leather armour (worn) {Pargi}
 h - a +2 pair of gloves (worn)
 A - the +1 leather armour of the Iron City of Dis {rF++ Str+2}
   (You bought it in a shop on level 7 of the Dungeon)

   Str:       It affects your strength (+2).
   rF:        It greatly protects you from fire.
Jewellery
 g - a ring of magical power (left hand)
 i - an amulet of magic regeneration
 B - the amulet of the Four Winds {rN+ Will+++ Clar}
   (You found it on level 7 of the Dungeon)

   [amulet of nothing]

   rN:        It protects you from negative energy.
   Clar:      It protects you against confusion.
   Will:      It greatly increases your willpower.
 F - a ring of resist corrosion
Wands
 u - a wand of mindburst (18)
 v - a wand of flame (38)
 y - a wand of polymorph (10)
 C - a wand of iceblast (2)
Scrolls
 j - 2 scrolls of fog
 m - 2 scrolls of amnesia
 q - 5 scrolls of teleportation
 s - a scroll of enchant weapon
 E - a scroll of blinking
Potions
 e - 2 potions of mutation
 k - 4 potions of heal wounds
 l - a potion of flight {unknown}
 n - a potion of resistance
 p - a potion of curing
 D - a potion of attraction {unknown}


   Skills:
 - Level 2.0 Fighting
 + Level 3.9 Short Blades
 - Level 1.7 Throwing
 - Level 2.6 Dodging
 - Level 12.6 Stealth


You had 6 spell levels left.
You knew the following spells:

 Your Spells              Type           Power      Damage    Failure   Level
a - Ensorcelled Hibernat  Hex/Ice        0%         N/A       52%         2

Your spell library contained the following spells:

 Spells                   Type           Power      Damage    Failure   Level
 Scorch                   Fire           0%         2d5       52%         2
 Spider Form              Tmut/Pois      0%         N/A       75%         3
 Tukima's Dance           Hex            0%         N/A       75%         3
 Flame Wave               Conj/Fire      0%         2d4       98%         4
 Summon Cactus Giant      Summ           0%         N/A       100%        6
 Enfeeble                 Hex            0%         N/A       100%        7


Dungeon Overview and Level Annotations

Branches:
Dungeon (8/15)             Temple (1/1) D:5           Sewer (visited)
   Lair: D:8-11

Altars:
Ashenzari
Cheibriados
Dithmenos
Fedhas
Gozag
Kikubaaqudgha
Makhleb
Nemelex Xobeh
Okawaru
Qazlal
Ru
Sif Muna
Trog
Uskayaw
Vehumet
Wu Jian
Yredelemnul
Zin
The Shining One

Shops:
D:7 *[[

Annotations:
D:4 Crabhammer's ghost, amateur NaVM


Innate Abilities, Weirdness & Mutations

You have a pair of large antennae on your head. (SInv)
You are partially covered in sharp spines.
When seriously injured, your blood forms armour. (AC +6)
A meltable shield of frost defends you. (SH +4)
You possess an exceptional clarity of mind.
Your muscles are very strong. (Str +4)


Message History

The kobold brigand is distracted by your dazzling golden aura.
The kobold brigand shouts!
You hit the kobold brigand.
The kobold brigand is poisoned.
The kobold brigand is heavily wounded.
You feel extremely sick.
The kobold brigand throws a curare-tipped dart.
The curare-tipped dart misses you.
The kobold brigand hits you but does no damage. x2
The kobold is distracted by your dazzling golden aura.
You block the kobold brigand's attack.
The kobold brigand throws a poisoned dart.
The poisoned dart misses you.
The poisoned dart barely misses the kobold brigand.
The kobold demonologist is distracted by your dazzling golden aura.
The kobold brigand hits you but does no damage. x2
The kobold demonologist shouts!
You hit the kobold brigand.
The kobold brigand is poisoned.
The kobold brigand is lightly wounded.
Your surroundings suddenly seem different.
You feel very sick.
The kobold brigand is distracted by your dazzling golden aura.
You feel very sick.
The kobold brigand is no longer distracted by gold.
The kobold brigand throws a poisoned dart.
The poisoned dart hits you.
You are more poisoned.
You feel very sick.
The kobold is no longer distracted by gold.
The kobold brigand throws a poisoned dart.
The poisoned dart hits you!
You are lethally poisoned!
The kobold brigand throws a poisoned dart.
The poisoned dart hits you!
You are more poisoned.
There is a stone staircase leading up here.
* * * LOW HITPOINT WARNING * * *
You feel extremely sick.
You climb upwards.
You die...
Your body crumbles into a pile of gold.

#####....#.#.......#########
#####....#.##.#.####
.....>...#.......#
....[....#####...#
.........# #...# .........#
##..# .........# #..#
.........######..###
#########.......@..#
#..........# #..........#
#..........# #..........#
#..........# #..........#
#..........# #..........#


There were no monsters in sight!

Vanquished Creatures
  A two-headed ogre (D:7)
  An acid dragon (D:7)
  Pargi (Sewer)
  2 sky beasts
  3 ice beasts
  An ogre (D:6)
  A phantom (D:4)
  A centaur (D:7)
  3 kobold brigands
  A bullfrog (D:6)
  A howler monkey (D:5)
  2 centaur zombies
  2 jellies
  2 bullfrog zombies (D:5)
  3 orc priests
  4 bullfrog skeletons
  6 hounds
  6 iguanas
  3 orc wizards
  A killer bee zombie (D:6)
  A hound skeleton (D:4)
  A howler monkey zombie (D:5)
  3 gnolls (D:3)
  2 river rats (D:3)
  7 adders
  A shadow imp (D:6)
  A white imp (D:5)
  2 ufetubi
  An adder skeleton (D:2)
  2 worms
  A dart slug (D:8)
  12 orcs
  18 bats
  9 endoplasms
  3 giant cockroaches
  6 goblins
  7 hobgoblins
  2 jackals (D:5)
  16 kobolds
  4 quokkas
  5 ball pythons
  3 frilled lizards
  2 rats (D:1)
154 creatures vanquished.

Vanquished Creatures (others)
  An orc wizard (D:6)
  An adder (D:4)
2 creatures vanquished.

Grand Total: 156 creatures vanquished

Notes
Turn   | Place    | Note
-------+----------+-------------------------------------------
     0 | D:1      | AverageBear the Demonspawn Gladiator began the quest for
                  | the Orb.
     0 | D:1      | Reached XP level 1. HP: 16/16 MP: 1/1
    71 | D:1      | Reached skill level 1 in Stealth
   480 | D:1      | Gained mutation: You have a pair of small antennae on your
                  | head. [demonic ancestry]
   480 | D:1      | Reached XP level 2. HP: 18/22 MP: 2/2
   626 | D:1      | Reached skill level 2 in Stealth
  1442 | D:2      | Gained mutation: You have a pair of antennae on your head.
                  | [demonic ancestry]
  1442 | D:2      | Reached XP level 3. HP: 16/27 MP: 3/3
  1474 | D:2      | Reached skill level 3 in Stealth
  2552 | D:2      | You fall into a shaft and drop 1 floor!
  2606 | D:3      | Reached XP level 4. HP: 23/31 MP: 4/4
  2616 | D:3      | Reached skill level 4 in Stealth
  2629 | D:3      | Gained mutation: Your muscles are strong. (Str +2) [potion
                  | of mutation]
  2629 | D:3      | Gained mutation: You have hidden genetic potential. [potion
                  | of mutation]
  2631 | D:3      | HP: 1/33 [river rat (4)]
  2873 | D:3      | Found a glowing drain.
  2896 | Sewer    | Entered a sewer
  3083 | Sewer    | Noticed Pargi
  3096 | Sewer    | Killed Pargi
  3097 | Sewer    | Reached skill level 5 in Stealth
  3097 | Sewer    | Reached XP level 5. HP: 38/38 MP: 5/5
  3103 | Sewer    | Gained mutation: You possess an exceptional clarity of
                  | mind. [hidden potential]
  3177 | D:3      | Found an ancient bone altar of Kikubaaqudgha.
  3363 | D:3      | Gained mutation: A meltable shield of frost defends you.
                  | (SH +4) [demonic ancestry]
  3363 | D:3      | Reached XP level 6. HP: 44/44 MP: 6/6
  3429 | D:3      | Reached skill level 6 in Stealth
  3906 | D:4      | Gained mutation: Your muscles are very strong. (Str +4)
                  | [hidden potential]
  3906 | D:4      | Lost mutation: You have hidden genetic potential. [hidden
                  | potential expressed]
  4005 | D:4      | Found a blossoming altar of Fedhas.
  4171 | D:4      | Reached skill level 7 in Stealth
  4213 | D:4      | Found a radiant altar of Vehumet.
  4262 | D:4      | Gained mutation: When seriously injured, your blood forms
                  | armour. (AC +6) [demonic ancestry]
  4262 | D:4      | Reached XP level 7. HP: 50/50 MP: 7/7
  4270 | D:4      | Found a transporter.
  4297 | D:4      | Noticed Crabhammer's ghost (amateur NaVM)
  4307 | D:4      | Found a transporter.
  4665 | D:5      | Entered Level 5 of the Dungeon
  4736 | D:5      | Reached skill level 8 in Stealth
  4999 | D:5      | Found a staircase to the Ecumenical Temple.
  5033 | Temple   | Entered the Ecumenical Temple
  5259 | Temple   | Became a worshipper of Gozag Ym Sagoz the Greedy
  5393 | D:5      | Reached skill level 9 in Stealth
  5559 | D:5      | Gained mutation: You are partially covered in sharp spines.
                  | [demonic ancestry]
  5559 | D:5      | Reached XP level 8. HP: 56/56 MP: 8/8
  5966 | D:6      | Reached skill level 10 in Stealth
  6874 | D:7      | Reached skill level 11 in Stealth
  6882 | D:7      | Found Xasm's General Store.
  6889 | D:7      | Found Ufonih's Armour Emporium.
  6891 | D:7      | Found Ituos's Antique Armour Shop.
  6895 | D:7      | Bought a scroll of enchant weapon for 82 gold pieces
  6899 | D:7      | Bought a faintly humming leather armour for 189 gold pieces
  6899 | D:7      | Identified the +1 leather armour of the Iron City of Dis
                  | {rF++ Str+2} (You bought it in a shop on level 7 of the
                  | Dungeon)
  7052 | D:7      | Found the amulet of the Four Winds {rN+ Will+++ Clar}
  7222 | D:7      | Learned a level 2 spell: Ensorcelled Hibernation
  7294 | D:7      | Gained mutation: You have a pair of large antennae on your
                  | head. (SInv) [demonic ancestry]
  7294 | D:7      | Reached XP level 9. HP: 44/61 MP: 9/9
  7424 | D:7      | Noticed a two-headed ogre
  7427 | D:7      | Killed a two-headed ogre
  7428 | D:7      | Reached skill level 12 in Stealth
  7524 | D:8      | Found a snail-covered altar of Cheibriados.
  7587 | D:8      | Noticed a kobold demonologist
  7595 | D:8      | Noticed an ice devil
  7606 | D:8      | HP: 2/61 [poisoned by a kobold brigand]
  7607 | D:7      | Succumbed to a kobold brigand's poison

Illustrated notes

Levels and vault maps discovered:
D:1:      lightli_arrival_windingriver, layout_loops_ring
D:2:      layout_basic, hangedman_decor_riveting
D:3:      minmay_recursive_quarters, layout_basic, lemuel_doored_altar,
          cheibrodos_sewer_entry_sluice, glass_columns_a
D:4:      layout_basic, fedhas_altar_fruit_tree, mainiacjoe_overflow_brackets,
          fiery_altar_vehumet, tso_oasis_becter, gammafunk_ghost_arena
D:5:      layout_loops_ring, temple_fountains, minmay_bent
D:6:      layout_basic
D:7:      hellmonk_warped_wall, layout_basic, nicolae_wooded_promenade,
          minmay_misc_feat_hallway
D:8:      layout_basic, regret_index_temple_of_mockery, kennysheep_slug_shrine,
          mainiacjoe_overflow_small_starburst, special_room
          [special_room_kobold]
Temple:   nicolae_temple_figure_eight

Skill      XL: |  1  2  3  4  5  6  7  8  9 |
---------------+----------------------------+-----
Stealth        | 1 2 3 5 7 9 11 12 | 12.6
Short Blades   | 3 |  3.9
Fighting       | |  2.0
Throwing       | |  1.7
Dodging        | |  2.6

Action                   |  1- 3 |  4- 6 |  7- 9 || total
-------------------------+-------+-------+-------++-------
Melee: Rapier            |   155 |       |       ||   155
       Punch             |     1 |     3 |     5 ||     9
       Dagger            |       |   208 |   216 ||   424
       Short sword       |       |       |   166 ||   166
  Use: Scroll            |     3 |     3 |     8 ||    14
       Potion            |       |     5 |     2 ||     7
 Stab: Sleeping          |     7 |     9 |     6 ||    22
       Distracted        |     1 |       |     3 ||     4
Armor: Leather armour    |    32 |    54 |       ||    86
       Troll leather arm |       |    23 |   124 ||   147
Dodge: Dodged            |    87 |   130 |   215 ||   432
Block: Other             |       |    14 |    62 ||    76

Table legend: (Time is in decaauts)
 A = Elapsed time spent in this place.
 B = Non-inter-level travel time spent in this place.
 C = Inter-level travel time spent in this place.
 D = Time resting spent in this place.
 E = Time spent auto-exploring this place.
 F = Levels seen in this place.
 G = Mean time per level.
                   A        B        C        D        E       F      G
               +--------+--------+--------+--------+--------+-----+--------+
         Total |   7574 |   7236 |    338 |    918 |   4512 |  10 |  757.4 |
       Dungeon |   7071 |   6771 |    300 |    801 |   4303 |   8 |  883.9 |
        Temple |    246 |    208 |     38 |      0 |    207 |   1 |  246.0 |
         Sewer |    255 |    255 |      0 |    117 |      2 |   1 |  255.0 |
               +--------+--------+--------+--------+--------+-----+--------+

Top non-repeatable levels by time:
     D:1: 1436 daAuts
     D:2: 1298 daAuts
     D:5: 917 daAuts
     D:4: 889 daAuts
     D:6: 878 daAuts
     D:3: 783 daAuts
     D:7: 712 daAuts
   Sewer: 255 daAuts
  Temple: 246 daAuts
     D:8: 156 daAuts
